 Dungeon Crawl Stone Soup version 0.30.1-8-g117510f58f (webtiles) character file.

Game seed: 11812992742113876162

16 ChiefBigBeans the Firebug (level 2, -4/20 HPs)
             Began as a Draconian Fire Elementalist on Sept 24, 2023.
             Slain by a gnoll
             ... wielding a +0 whip
              (5 damage)
             ... on level 1 of the Dungeon.
             The game lasted 00:01:33 (929 turns).

ChiefBigBeans the Firebug (DrFE)                     Turns: 929, Time: 00:01:34

Health: -4/20      AC:  4    Str: 10    XL:     2   Next: 41%
Magic:  5/5        EV: 12    Int: 15    God:
Gold:   73         SH:  0    Dex: 17    Spells: 5/6 levels left

rFire   . . .        c - +0 club
rCold   . . .        (no shield)
rNeg    . . .        (body armour unavailable)
rPois   .            (helmet restricted)
rElec   .            (no cloak)
rCorr   .            (no gloves)
SInv    .            (no boots)
Will    .....        (no amulet)
Stlth   ++           f - +6 ring of dexterity
HPRegen 0.23/turn    (no ring)
MPRegen 0.09/turn

%: no passive effects
@: no status effects
A: AC +4, unfitting armour, cold-blooded
a: no special abilities


You were on level 1 of the Dungeon.
You visited 1 branch of the dungeon, and saw 1 of its levels.

You collected 73 gold pieces.

Inventory:

Hand Weapons
 c - a +0 club (weapon)
Jewellery
 f - a +6 ring of dexterity (left hand)
Scrolls
 d - a scroll of identify {unknown}
 g - a scroll of noise {unknown}
Potions
 a - a potion of magic
 b - a potion of curing {unknown}
 e - a potion of heal wounds {unknown}


   Skills:
 - Level 1.7 Dodging
 - Level 1.7 Stealth
 + Level 2.5 Spellcasting
 - Level 1.0 Conjurations
 + Level 3.4 Fire Magic


You had 5 spell levels left.
You knew the following spells:

 Your Spells              Type           Power      Damage    Failure   Level
a - Foxfire               Conj/Fire      32%        2x1d5     9%          1

Your spell library contained the following spells:

 Spells                   Type           Power      Damage    Failure   Level
 Scorch                   Fire           24%        2d6       8%          2
 Inner Flame              Hex/Fire       7%         N/A       30%         3
 Volatile Blastmotes      Fire/Tloc      14%        2d11      30%         3
 Gell's Gravitas          Tloc           1%         N/A       54%         3
 Teleport Other           Tloc           1%         N/A       54%         3
 Flame Wave               Conj/Fire      8%         2d5       63%         4
 Dispersal                Tloc           0%         N/A       100%        6


Dungeon Overview and Level Annotations

Branches:
Dungeon (1/15)

Altars:


Innate Abilities, Weirdness & Mutations

Your plain brown scales are hard. (AC +4)
You cannot fit into any form of body armour.
You are cold-blooded and may be slowed by cold attacks.


Message History

Your foxfire dissipates!
A ball python is nearby!
You see here 7 gold pieces.
The helpless ball python fails to defend itself.
You hit the ball python.
You kill the ball python!
No target in view!
You now have 73 gold pieces (gained 7).
You see here a ball python corpse.
A bat comes into view.
A bat is nearby!
You conjure some foxfire!
Your foxfire dissipates!
The bat closely misses you.
The foxfire hits the bat.
You kill the bat!
You open the door.
There is an open door here.
There is an open door here.
A gnoll comes into view. It is wielding a +0 whip.
You conjure some foxfire!
Your foxfire dissipates!
The gnoll closely misses you.
You hit the gnoll.
Your tail-slap misses the gnoll.
The gnoll is lightly wounded.
The gnoll hits you with a +0 whip.
You hit the gnoll but do no damage.
The gnoll is lightly wounded.
The gnoll misses you.
You hit the gnoll but do no damage.
The gnoll is lightly wounded.
The gnoll hits you with a +0 whip. x2
* * * LOW HITPOINT WARNING * * *
You are too injured to fight recklessly!
The gnoll attacks as you move away! The gnoll hits you with a +0 whip.
* * * LOW HITPOINT WARNING * * *
You are too injured to fight recklessly!
You hit the gnoll but do no damage.
The gnoll is lightly wounded.
The gnoll hits you with a +0 whip.
You die...

#.#####........#########.#
#.....'.....#............#
#######.....#######..#######
#.....# ##........ #####.#
#####.... #.# #.... #.#
##... #.# #... #@# #.#. #g#
#.#. #.# #.## #.# #... #.#
###### #.# #..... #.# #.####
#.# #†.. #.# #.##


You could see a gnoll.

Vanquished Creatures
  An endoplasm (D:1)
  A giant cockroach (D:1)
  A hobgoblin (D:1)
  2 jackals (D:1)
  5 ball pythons (D:1)
  2 bats (D:1)
  2 frilled lizards (D:1)
  A goblin (D:1)
  A rat (D:1)
16 creatures vanquished.

Vanquished Creatures (others)
  20 foxfires (D:1)
20 creatures vanquished.

Grand Total: 36 creatures vanquished

Notes
Turn   | Place    | Note
-------+----------+-------------------------------------------
     0 | D:1      | ChiefBigBeans the Draconian Fire Elementalist began the
                  | quest for the Orb.
     0 | D:1      | Reached XP level 1. HP: 14/14 MP: 3/3
   266 | D:1      | Reached XP level 2. HP: 19/20 MP: 0/5
   545 | D:1      | Found a faded altar of an unknown god.
   927 | D:1      | HP: 1/20 [gnoll/+0 whip (4)]
   929 | D:1      | Slain by a gnoll

Illustrated notes

Levels and vault maps discovered:
D:1:      minmay_arrival_semitransparent, layout_basic,
          nicolae_ecumenical_snake_handling

Action                     || total
---------------------------++-------
  Melee: Unarmed           ||    21
         Tailslap          ||     1
         Club              ||     5
   Cast: Foxfire           ||    21
   Stab: Sleeping          ||     1
 Armour: Skin              ||     5
  Dodge: Dodged            ||    17
